Map: Amygdala

Players

Thor

  • Race: Terran Terran
  • League: Bronze
  • Spawn Location: 7:00

iPlayDefense - Winner!

  • Race: Terran Terran
  • League: Silver
  • Spawn Location: 1:00

VOD

Have the link to the VOD?

Description

Time

  • Played on: April 17, 2025, 12:30 p.m.
  • Length: 32:15
Show
View Real Time Build Order
Export as new Build Order

Thor Terran 

Build Orders: Command Center First 

Get SALT Encoding   

  12  0:02  SCV  
  14  0:14  SCV  
  14  0:21  Supply Depot  
  14  0:26  SCV  
  15  0:43  SCV  
  16  0:56  SCV, Refinery  
  17  1:08  Refinery  
  17  1:10  SCV  
  18  1:21  Command Center  
  18  1:25  SCV  
  19  1:33  Engineering Bay  
  19  1:37  SCV  
  20  1:49  SCV  
  21  2:05  Hi-Sec Auto Tracking  
  21  2:34  Planetary Fortress  
  21  2:39  Missile Turret  
  21  2:46  SCV  
  22  2:56  Supply Depot  
  22  3:03  Command Center  
  22  3:10  Missile Turret  
  22  3:11  SCV  
  23  3:23  SCV  
  24  3:35  SCV  
  24  3:37  Refinery  
  25  3:47  SCV  
  26  3:48  Barracks  
  26  3:51  Supply Depot  
  26  3:59  SCV  
  27  4:11  SCV  
  28  4:19  Missile Turret  
  28  4:20  Planetary Fortress  
  28  4:23  SCV  
  29  4:35  SCV  
  29  4:37  Barracks Tech Lab  
  30  4:43  Missile Turret  
  30  4:47  SCV  
  31  4:53  Refinery  
  31  4:57  SCV  
  31  4:59  Refinery  
  32  5:04  SCV  
  33  5:09  SCV  
  34  5:16  SCV  
  34  5:17  Terran Infantry Weapons Level 1  
  34  5:18  Combat Shield  
  35  5:21  SCV  
  36  5:28  SCV  
  36  5:33  SCV, Refinery  
  38  5:40  SCV  
  39  5:46  SCV  
  39  5:47  Marauder  
  42  5:52  SCV  
  43  5:58  SCV  
  44  6:05  SCV  
  44  6:10  SCV  
  46  6:22  SCV  
  46  6:23  SCV  
  48  6:27  Factory  
  48  6:34  SCV  
  48  6:35  SCV  
  48  6:38  Marauder  
  52  6:43  Planetary Fortress  
  52  6:47  SCV  
  53  6:59  SCV  
  54  7:11  SCV  
  54  7:12  Factory Tech Lab  
  55  7:29  Terran Infantry Armor Level 1, Armory  
  55  7:32  Marauder  
  57  7:39  Siege Tank  
  60  7:51  Starport  
  60  7:58  SCV  
  61  8:10  SCV  
  61  8:11  Siege Tank  
  65  8:43  Siege Tank  
  65  8:44  Missile Turret  
  68  9:16  Missile Turret  
  68  9:17  Siege Tank  
  68  9:32  Starport Tech Lab  
  68  9:36  Starport  
  68  9:39  Terran Vehicle Weapons Level 1  
  68  9:43  Terran Infantry Weapons Level 2  
  68  9:44  Fusion Core  
  68  9:54  Supply Depot  
  68  10:15  Siege Tank  
  68  10:16  Marauder  
  68  10:17  Missile Turret  
  72  10:27  Supply Depot  
  72  10:31  Starport Tech Lab  
  72  10:37  Marauder  
  72  10:39  Missile Turret  
  72  10:42  Weapon Refit  
  74  10:47  Siege Tank, Missile Turret  
  74  10:49  Battlecruiser  
  80  11:20  Battlecruiser  
  80  11:22  Missile Turret  
  83  11:50  Starport  
  83  11:58  Terran Infantry Armor Level 2  
  75  12:45  Starport Tech Lab  
  75  12:50  Starport  
  75  13:23  Command Center  
  68  13:57  Battlecruiser  
  68  14:07  Starport Tech Lab  
  68  14:09  Supply Depot  
  68  14:19  Supply Depot  
  68  14:21  Supply Depot  
  68  14:27  Supply Depot  
  68  14:28  Terran Ship Weapons Level 1  
  68  14:30  Battlecruiser  
  74  14:32  Supply Depot  
  74  14:41  Battlecruiser x2  
  86  14:49  Command Center  
  86  15:05  Battlecruiser  
  92  15:11  Supply Depot  
  92  15:17  SCV  
  93  15:29  SCV  
  93  15:31  Missile Turret  
  94  15:39  Battlecruiser  
  100  15:47  Supply Depot  
  100  15:48  Battlecruiser  
  106  15:50  Battlecruiser  
  112  16:02  Missile Turret  
  112  16:09  Marauder  
  85  17:04  Battlecruiser  
  85  17:06  Battlecruiser  
  85  17:08  Battlecruiser  
  103  17:10  Battlecruiser  
  103  17:13  Supply Depot  
  82  17:42  Thor  
  77  17:52  Supply Depot  
  76  18:11  Battlecruiser  
  87  18:23  Battlecruiser  
  81  18:41  Supply Depot  
  75  19:30  Battlecruiser  
  81  19:35  Starport Tech Lab  
  81  19:49  SCV  
  82  20:01  SCV  
  83  20:13  SCV  
  84  20:23  Battlecruiser  
  84  20:25  SCV  
  91  20:37  SCV  
  91  20:39  Factory Tech Lab  
  93  20:50  SCV  
  81  21:02  SCV  
  69  21:14  SCV  
  73  21:18  Siege Tank  
  73  21:30  Refinery  
  73  21:34  Refinery  
  73  21:44  Terran Ship Weapons Level 2  
  73  21:52  SCV  
  80  22:04  SCV  
  80  22:07  SCV  
  82  22:16  SCV  
  82  22:19  SCV  
  62  22:39  Planetary Fortress  
  56  22:45  Missile Turret  
  49  22:59  SCV  
  49  23:08  Terran Infantry Weapons Level 3  
  49  23:11  Supply Depot, SCV  
  36  23:33  Command Center  
  30  23:48  Marauder  
  32  24:09  Marauder  
  21  24:27  Refinery  
  21  24:31  Marauder  
  23  24:33  Terran Ship Weapons Level 3  
  23  24:51  SCV, Refinery  
  23  24:52  Marauder  
  26  25:03  SCV  
  27  25:13  Marauder  
  29  25:15  SCV  
  28  25:29  SCV  
  28  25:35  Marauder  
  31  25:37  SCV  
  32  25:54  SCV  
  32  25:56  Marauder  
  35  26:17  Marauder  
  37  26:23  Missile Turret  
  37  26:39  Marauder  
  39  26:40  Command Center  
  19  27:22  Barracks  
  19  27:31  Supply Depot  
  13  28:40  Engineering Bay  
  13  28:43  Refinery  
  2  29:11  Missile Turret  
    29:29  SCV  
  1  29:41  SCV  
  2  29:53  SCV  
  3  30:05  SCV  
  4  30:17  SCV  
  5  30:29  Command Center  
Show
View Real Time Build Order
Export as new Build Order

iPlayDefense Terran - Winner!

Build Orders:  

Get SALT Encoding   

  12  0:05  SCV  
  13  0:17  Supply Depot  
  13  0:18  SCV  
  14  0:30  SCV  
  14  0:32  Refinery  
  15  0:42  SCV  
  16  0:52  Barracks  
  16  0:54  SCV  
  17  1:06  SCV  
  17  1:10  Engineering Bay  
  18  1:16  Refinery  
  18  1:18  SCV  
  19  1:40  Orbital Command  
  19  1:41  Barracks Reactor  
  19  1:58  Supply Depot  
  19  2:03  Terran Infantry Weapons Level 1  
  19  2:09  SCV  
  20  2:17  Marine x2  
  20  2:22  SCV  
  23  2:34  SCV  
  23  2:35  Marine x2  
  26  2:46  SCV  
  26  2:48  Barracks  
  26  2:50  Barracks  
  27  3:02  Factory  
  27  3:13  Marine x2  
  29  3:29  SCV  
  29  3:30  Supply Depot  
  29  3:31  Marine  
  31  3:38  Barracks Tech Lab x2  
  31  3:45  Factory Tech Lab  
  31  3:51  Marine  
  32  4:03  Combat Shield  
  32  4:04  Stimpack  
  32  4:06  Starport  
  32  4:08  Marine  
  32  4:09  Marine x3  
  36  4:19  Siege Tank  
  39  4:31  Supply Depot  
  39  4:53  Siege Tank, Marine x4  
  39  4:54  Supply Depot  
  46  5:09  Command Center  
  46  5:10  Marine  
  47  5:15  Starport Reactor  
  47  5:25  Supply Depot  
  35  5:59  Marine  
  35  6:00  Marine x3  
  35  6:03  Siege Tank  
  42  6:17  Marine x2  
  44  6:22  Orbital Command  
  44  6:24  SCV  
  45  6:31  Supply Depot  
  45  6:34  Medivac x2  
  45  6:35  Siege Tank  
  45  6:36  SCV  
  53  6:48  SCV  
  54  6:55  Supply Depot  
  54  6:56  Marine x4  
  54  7:00  SCV  
  59  7:02  SCV  
  59  7:07  Siege Tank  
  63  7:10  Refinery  
  63  7:12  SCV  
  63  7:14  SCV, Marine x4  
  69  7:24  SCV  
  69  7:26  SCV  
  71  7:31  Marine  
  71  7:32  Marine  
  71  7:34  Refinery  
  71  7:36  SCV  
  74  7:38  SCV  
  75  7:59  SCV  
  75  8:00  SCV  
  75  8:01  Marine x4  
  75  8:03  Siege Tank  
  84  8:06  Medivac x2  
  84  8:11  SCV  
  84  8:12  SCV  
  90  8:17  Concussive Shells  
  90  8:19  Marine x4  
  94  8:22  Supply Depot  
  94  8:24  SCV x2  
  93  8:36  Marine  
  94  8:43  Siege Tank, Marine  
  94  8:45  Supply Depot  
  98  8:57  Liberator x2  
  101  9:08  Supply Depot  
  71  9:30  Supply Depot  
  71  9:33  Marine x2  
  71  9:34  Marine x2  
  71  9:37  Siege Tank  
  78  9:42  Liberator  
  81  9:51  Marine x3  
  81  9:52  Marine  
  85  10:06  SCV x2  
  87  10:09  Siege Tank, Marine x3  
  87  10:10  Marine  
  87  10:11  Medivac  
  96  10:18  SCV  
  97  10:25  Medivac  
  97  10:27  Marine x3  
  97  10:28  Marine  
  103  10:29  Armory  
  103  10:31  Supply Depot  
  103  10:33  Command Center  
  103  10:41  Siege Tank, Medivac  
  108  10:45  Marine x2  
  110  10:54  Supply Depot  
  110  11:13  Siege Tank  
  110  11:14  Marine  
  110  11:15  Marine x3  
  117  11:19  Medivac x2  
  121  11:32  Marine  
  121  11:33  Marine x3, Terran Infantry Armor Level 1  
  125  11:46  Siege Tank  
  128  11:49  Liberator, Medivac  
  128  11:50  Marine  
  128  11:51  Marine x3  
  137  12:08  Marine x4  
  134  12:09  Orbital Command  
  135  12:19  Liberator  
  135  12:26  Marine x2  
  137  12:32  Liberator  
  123  12:56  Thor  
  129  13:05  Orbital Command  
  129  13:17  Barracks  
  126  13:27  Terran Infantry Weapons Level 2  
  123  13:30  Barracks  
  120  13:38  Thor  
  122  13:42  Marine x4  
  115  13:59  Marine  
  115  14:00  Marine x3  
  118  14:05  SCV x3  
  121  14:14  Medivac x2  
  125  14:17  SCV, Marine  
  125  14:18  SCV x2, Marine x3  
  125  14:21  Thor  
  138  14:24  Supply Depot  
  138  14:29  SCV  
  138  14:30  SCV x2  
  141  14:35  Marine  
  141  14:36  Marine x3  
  145  14:41  SCV  
  145  14:42  SCV x2  
  150  14:48  Supply Depot  
  148  14:53  SCV, Marine x2  
  148  14:54  SCV x2  
  153  15:04  Thor  
  159  15:17  Marine x4  
  163  15:34  Marine  
  163  15:35  Marine x3  
  167  15:47  Thor  
  173  16:03  Marine x2  
  173  16:04  Marine x2  
  149  16:20  Marine  
  149  16:21  Marine x2  
  149  16:22  Supply Depot, Marine  
  145  16:30  Thor  
  136  16:38  Marine  
  136  16:39  Marine  
  132  16:45  Supply Depot  
  125  16:52  Marine  
  125  16:53  Marine  
  126  16:56  Marine  
  126  16:57  Marine  
  126  16:59  Barracks Reactor x2  
  128  17:10  Marine, Refinery  
  128  17:11  Marine  
  128  17:12  Thor  
  128  17:14  Marine x2, Refinery  
  138  17:28  Marine x2  
  138  17:32  Marine x2  
  111  17:46  Marine x2  
  111  17:48  Marine  
  111  17:49  Marine x4  
  111  17:50  Marine  
  119  17:55  Thor, Medivac x2  
  129  18:04  Marine x2  
  131  18:06  Marine  
  131  18:07  Marine x4  
  131  18:08  Marine  
  136  18:21  Marine  
  136  18:22  Marine, Command Center  
  136  18:24  Marine x4  
  136  18:25  Marine, Medivac x2  
  136  18:26  Marine  
  143  18:38  Thor  
  143  18:39  Marine  
  143  18:40  Marine  
  151  18:42  Marine x4  
  151  18:43  Marine x2  
  133  19:01  Marine  
  125  19:04  Refinery x2  
  116  19:16  Marine x7  
  120  19:19  Marine  
  120  19:21  Thor  
  113  19:34  Marine x7  
  113  19:35  Supply Depot  
  113  19:36  Marine  
  113  19:37  Supply Depot  
  121  19:51  Marine  
  121  19:52  Marine x4  
  126  19:59  Supply Depot x2  
  126  20:04  Thor  
  132  20:18  Orbital Command  
  132  20:23  Marine x8  
  132  20:27  Missile Turret x2  
  140  20:40  Marine  
  141  20:46  Thor  
  121  21:20  Medivac x2  
  121  21:22  Marine x8  
  133  21:29  Thor  
  139  21:39  Marine  
  139  21:40  Marine x7  
  147  21:50  Medivac x2  
  151  21:57  Marine  
  151  21:58  Marine x7  
  159  22:06  Missile Turret  
  159  22:07  Missile Turret  
  159  22:12  Thor  
  159  22:15  Marine  
  165  22:16  Marine x7  
  169  22:25  Missile Turret  
  169  22:27  Missile Turret  
  156  22:34  Marine x2  
  158  22:45  Missile Turret  
  158  22:47  Command Center  
  158  22:55  Thor  
  164  23:15  Liberator x2  
  158  23:38  Thor  
  164  23:58  Liberator x2  
  156  24:21  Thor  
  162  24:34  Refinery  
  162  24:37  Refinery  
  162  24:40  Liberator  
  162  24:41  Liberator  
  162  24:45  Terran Vehicle Weapons Level 1  
  168  24:47  Terran Infantry Weapons Level 3  
  168  24:53  Marine x5  
  168  24:54  Marine x3  
  176  25:03  Thor  
  182  25:10  Marine  
  182  25:11  Marine  
  175  25:23  Liberator  
  175  25:24  Medivac  
  175  25:28  Marine x8  
  186  25:45  Marine  
  186  25:46  Marine x7, Thor  
  194  26:29  Thor  
  197  26:39  Terran Vehicle And Ship Armor Level 1  
  189  27:23  Terran Infantry Armor Level 2  
  183  27:46  Hellion  
  185  28:07  Hellion  
  187  28:29  Hellion  
  189  28:50  Hellion  
  191  29:11  Hellion  
  193  29:44  Hellion  
  195  30:05  Hellion  
  197  30:26  Hellion  
  199  31:43  Hellion x5  
Tags
 
Matchup
TvT
Race
Terran
Replay Pack
DaveSC2
Spawn Locations
Cross Positions
Add a new tag
Caveats
  • Supply blocks, unpowered buildings, or Contaminate may cause inaccurate times.
  • Supply counts are checked every 10 seconds.